 Dungeon Sprint DCSS version 0.31-a0-851-g7ff8af7976 (webtiles) character file.

Game seed: 9669502561171096117

22680 sircluck the Brawler (level 12, -3/144 HPs)
             Began as a Troll Berserker on Oct 6, 2023.
             Was the Champion of Trog.
             Killed from afar by a smoke demon (6 damage)
             ... with a ball of steam
             ... in the Dungeon (Sprint VII: "The Pits").
             The game lasted 00:06:58 (1882 turns).

sircluck the Brawler (Troll Berserker)              Turns: 1882, Time: 00:06:58

Health: -3/144     AC:  0    Str: 32    XL:     12   Next: 65%
Magic:  11/11      EV: 19    Int:  3    God:    Trog [******]
Gold:   0          SH:  0    Dex:  9    Spells: 11/11 levels left

rFire   . .          .
                       - Unarmed
rCold   . . .        (shield currently unavailable)
rNeg    . . .        n - melded +0 troll leather armour
rPois   .            (helmet currently unavailable)
rElec   .            s - melded +0 cloak
rCorr   .            (gloves unavailable)
SInv    .            (boots unavailable)
Will    .....        i - amulet of faith
Stlth   +            o - melded +3 ring of protection
HPRegen 1.24/turn    p - melded +3 ring of protection
MPRegen 0.12/turn

%: no teleportation, faith
@: lethally poisoned (-3 -> -22), pig-form, on berserk cooldown, slowed
A: fast, no casting, small, unfitting armour, (claws 3), regeneration 1, (shaggy
fur 1), (tough skin 1)
a: Renounce Religion, Berserk, Trog's Hand, Brothers in Arms


You were in the Dungeon.
You worshipped Trog.
Trog was exalted by your worship.
You were a filthy swine.
You visited 1 branch

Inventory:

Armour
 a - a +0 animal skin
 n - a +0 troll leather armour (melded)
 s - a +0 cloak (melded)
Jewellery
 i - an amulet of faith (around neck)
 o - a +3 ring of protection (melded)
 p - a +3 ring of protection (melded)
Wands
 b - a wand of flame (8)
 h - a wand of light (6)
Scrolls
 g - a scroll of blinking
 k - 2 scrolls of vulnerability
 l - a scroll of butterflies
Potions
 c - 12 potions of heal wounds
 d - 3 potions of haste
 e - 4 potions of magic
 f - 3 potions of berserk rage
 j - 2 potions of invisibility
 m - 5 potions of curing
 q - a potion of might
 r - a potion of mutation


   Skills:
 + Level 16.0 Fighting
 + Level 8.3 Armour
 + Level 15.9 Dodging
 + Level 18.6 Unarmed Combat


You had 11 spell levels left.
You didn't know any spells.
Your spell library was empty.

Dungeon Overview and Level Annotations

Branches:
Dungeon (1/1)

Altars:
Ashenzari
Cheibriados
Dithmenos
Elyvilon
Fedhas
Gozag
Hepliaklqana
Kikubaaqudgha
Makhleb
Nemelex Xobeh
Okawaru
Qazlal
Ru
Sif Muna
Trog
Uskayaw
Vehumet
Wu Jian
Xom
Yredelemnul
Zin
The Shining One
Jiyva
Lugonu

Annotations:
D Sonja


Innate Abilities, Weirdness & Mutations

You are a filthy swine.
You move quickly.
Your equipment is almost entirely melded.
You are incapable of wielding weapons or throwing items.
You cannot cast spells.
You are too large for most types of armour.
((You have claws for hands.))
Your natural rate of healing is unusually fast.
((You are covered in fur. (AC +1)))
((You have tough skin. (AC +1)))


Message History

The curare-tipped dart barely misses you.
The adder skeleton completely misses you.
The smoke demon gestures at you. The sticky flame hits you!
You are covered in liquid flames!
* * * LOW HITPOINT WARNING * * *
You hit the smoke demon.
The smoke demon is almost dead.
You are covered in liquid flames!
* * * LOW HITPOINT WARNING * * *
You feel sick. The adder skeleton barely misses you.
The smoke demon gestures at you. Something smites you!
* * * LOW HITPOINT WARNING * * *
You barely miss the smoke demon.
The smoke demon is almost dead.
You are covered in liquid flames!
* * * LOW HITPOINT WARNING * * *
You feel sick.
Sonja hits you with a +2 dagger of venom!
* * * LOW HITPOINT WARNING * * *
You are more poisoned.
Sonja hits you with a +2 dagger of venom!
* * * LOW HITPOINT WARNING * * *
You are lethally poisoned!
Sonja closely misses you. The adder skeleton barely misses you.
Sonja mumbles some strange words.
Sonja blinks!
You barely miss the smoke demon.
The smoke demon is almost dead.
You are covered in liquid flames!
* * * LOW HITPOINT WARNING * * *
You are no longer berserk.
You are exhausted.
You feel as though you will be slow longer.
* * * LOW HITPOINT WARNING * * *
You feel very sick. The smoke demon gestures at you.
The ball of steam hits you.
You die...

###################
######### ########## ##
.'..'...###K.......###..
)†..'.....##......##...
##..##.....##....##..# #
#....###....#....#.....
..†....###.###..##.#.#.#
.#..#...#).))#)§#).....#
........÷)..))))h3.....+
.#..#.))#...)#))#Z.....#
.......###.###..##.#.#.#
#....###....#....#.....
##..##.....##....##..# #
.'..')....##......##...
.'..'...###........###..
######### ########## ##


You could see a smoke demon, Sonja and an adder skeleton.

Vanquished Creatures
  A great orb of eyes (D)
  An ice dragon (D)
  A centaur warrior (D)
  An ogre mage (D)
  6 two-headed ogres (D)
  A naga warrior (D)
  A death yak (D)
  A demonic crawler (D)
  A spriggan (D)
  A shadow wraith (D)
  A sea snake (D)
  2 deep trolls (D)
  A lindwurm (D)
  A deep elf zephyrmancer (D)
  An orc sorcerer (D)
  A wolf spider (D)
  2 black mambas (D)
  An elephant (D)
  An eye of devastation (D)
  A gargoyle (D)
  A cane toad (D)
  A red devil (D)
  A troll (D)
  2 hellwings (D)
  A polar bear (D)
  A hornet (D)
  3 dream sheep (D)
  A wyvern (D)
  2 fire bats (D)
  3 vampire mosquitoes (D)
  Edmund (D)
  A chaos spawn (D)
  A warg (D)
  2 floating eyes (D)
  A small abomination (D)
  2 centaurs (D)
  2 phantoms (D)
  A bullfrog (D)
  A kobold brigand (D)
  A gnoll sergeant (D)
  A scorpion (D)
  3 wights (D)
  A crimson imp (D)
  2 orc priests (D)
  3 orc wizards (D)
  2 hell rats (D)
  A mummy (D)
  7 gnolls (D)
  An adder (D)
  A river rat (D)
  2 ufetubi (D)
  4 orcs (D)
  A bat zombie (D)
  2 endoplasms (D)
  A goblin (D)
  A hobgoblin (D)
  2 jackals (D)
  2 kobolds (D)
  A quokka zombie (D)
94 creatures vanquished.

Vanquished Creatures (collateral kills)
  2 mummy priests (D)
  An eidolon (D)
  A two-headed ogre (D)
  A demonic crawler (D)
  An orc knight (D)
  3 dream sheep (D)
  A culicivora (D)
  A vampire mosquito (D)
  2 redbacks (D)
  An orc warrior (D)
  An ogre (D)
  A gnoll bouda (D)
  An orc wizard (D)
  4 gnolls (D)
  A worm (D)
  2 orcs (D)
24 creatures vanquished.

Grand Total: 118 creatures vanquished

Notes
Turn   | Place    | Note
-------+----------+-------------------------------------------
     0 | D        | sircluck the Troll Berserker began the quest for the Orb.
     0 | D        | Reached XP level 1. HP: 22/22 MP: 0/0
    11 | D        | Noticed a hellwing
    11 | D        | Noticed an orc priest
    11 | D        | Noticed an orc wizard
    11 | D        | Noticed an orc priest
    16 | D        | Killed an orc priest
    17 | D        | Reached skill level 4 in Unarmed Combat
    17 | D        | Reached XP level 2. HP: 32/32 MP: 1/1
    17 | D        | Reached XP level 3. HP: 39/39 MP: 2/2
    24 | D        | Reached ** piety under Trog
    25 | D        | Reached skill level 5 in Unarmed Combat
    27 | D        | Reached XP level 4. HP: 20/49 MP: 3/3
    30 | D        | Killed a hellwing
    31 | D        | Reached skill level 7 in Unarmed Combat
    31 | D        | Reached XP level 5. HP: 24/61 MP: 4/4
    31 | D        | Reached XP level 6. HP: 27/68 MP: 5/5
   108 | D        | Reached *** piety under Trog
   109 | D        | Reached skill level 8 in Unarmed Combat
   130 | D        | Noticed a sea snake
   154 | D        | Killed a sea snake
   155 | D        | Reached skill level 10 in Unarmed Combat
   155 | D        | Reached XP level 7. HP: 81/81 MP: 6/6
   356 | D        | Noticed a deep troll
   356 | D        | Noticed an orc sorcerer
   362 | D        | Killed an orc sorcerer
   363 | D        | Reached skill level 11 in Unarmed Combat
   363 | D        | Reached XP level 8. HP: 56/92 MP: 7/7
   368 | D        | Killed a deep troll
   368 | D        | Reached **** piety under Trog
   369 | D        | Reached skill level 10 in Fighting
   369 | D        | Reached skill level 10 in Dodging
   447 | D        | Reached skill level 12 in Unarmed Combat
   465 | D        | Noticed an eye of devastation
   485 | D        | Killed an eye of devastation
   486 | D        | Reached XP level 9. HP: 50/102 MP: 8/8
   548 | D        | Noticed a red devil
   589 | D        | Reached ***** piety under Trog
   602 | D        | Killed a red devil
   720 | D        | Noticed a centaur warrior
   720 | D        | Noticed a deep troll
   727 | D        | Killed a centaur warrior
   728 | D        | Reached skill level 13 in Unarmed Combat
   733 | D        | HP: 2/105 [deep troll (4)]
   734 | D        | Killed a deep troll
   946 | D        | Noticed a spriggan rider
   946 | D        | Noticed a naga warrior
   946 | D        | Noticed an ice dragon
   951 | D        | Reached XP level 10. HP: 103/115 MP: 9/9
   952 | D        | Reached skill level 14 in Unarmed Combat
   955 | D        | Killed an ice dragon
   958 | D        | Killed a naga warrior
   959 | D        | Noticed a mummy priest
   963 | D        | Killed a spriggan rider
   964 | D        | Reached skill level 15 in Unarmed Combat
   964 | D        | Noticed a mummy priest
   968 | D        | Killed a mummy priest
   972 | D        | HP: 5/119 [mummy priest (17)]
   974 | D        | Noticed a sun demon
   974 | D        | Killed a mummy priest
  1104 | D        | Found a bloodstained altar of Trog.
  1104 | D        | Found a shimmering blue altar of Sif Muna.
  1104 | D        | Found a viscous altar of Jiyva.
  1104 | D        | Found a hazy altar of Hepliaklqana.
  1104 | D        | Found an opulent altar of Gozag.
  1105 | D        | Found a glowing golden altar of the Shining One.
  1105 | D        | Found a glowing silver altar of Zin.
  1105 | D        | Found a basalt altar of Yredelemnul.
  1105 | D        | Found a shimmering altar of Xom.
  1105 | D        | Found an ornate altar of the Wu Jian Council.
  1105 | D        | Found a sacrificial altar of Ru.
  1105 | D        | Found a stormy altar of Qazlal.
  1105 | D        | Found an iron altar of Okawaru.
  1105 | D        | Found a sparkling altar of Nemelex Xobeh.
  1105 | D        | Found a burning altar of Makhleb.
  1105 | D        | Found a blossoming altar of Fedhas.
  1105 | D        | Found a white marble altar of Elyvilon.
  1105 | D        | Found a shadowy altar of Dithmenos.
  1105 | D        | Found a snail-covered altar of Cheibriados.
  1108 | D        | Found a corrupted altar of Lugonu.
  1108 | D        | Found a radiant altar of Vehumet.
  1109 | D        | Found an ancient bone altar of Kikubaaqudgha.
  1109 | D        | Found a hide-covered altar of Uskayaw.
  1109 | D        | Found a broken altar of Ashenzari.
  1162 | D        | Reached ****** piety under Trog
  1162 | D        | Paralysed by a floating eye for 2 turns
  1185 | D        | Received a gift from Trog
  1297 | D        | Reached XP level 11. HP: 115/127 MP: 10/10
  1303 | D        | Received a gift from Trog
  1313 | D        | Received a gift from Trog
  1345 | D        | Noticed a demonic crawler
  1348 | D        | Killed a demonic crawler
  1349 | D        | Reached skill level 16 in Unarmed Combat
  1356 | D        | Received a gift from Trog
  1412 | D        | Found the +13 scythe of Curses {drain, curses, Drain}
  1528 | D        | Received a gift from Trog
  1533 | D        | Reached skill level 1 in Armour
  1571 | D        | Noticed a lindwurm
  1574 | D        | Noticed a deep elf zephyrmancer
  1576 | D        | Noticed Edmund
  1579 | D        | Killed a lindwurm
  1579 | D        | Identified the +7 triple sword "Belotik" {flame, Drain
                  | Dex+6} (Trog gifted it to you in the Dungeon)
  1579 | D        | Received a gift from Trog
  1584 | D        | Killed Edmund
  1589 | D        | Killed a deep elf zephyrmancer
  1603 | D        | Received a gift from Trog
  1637 | D        | Noticed a two-headed ogre
  1642 | D        | Killed a two-headed ogre
  1694 | D        | Noticed a wolf spider
  1696 | D        | Killed a wolf spider
  1697 | D        | Reached skill level 17 in Unarmed Combat
  1735 | D        | Noticed a two-headed ogre
  1738 | D        | Killed a two-headed ogre
  1739 | D        | Reached skill level 5 in Armour
  1739 | D        | Noticed a two-headed ogre
  1739 | D        | Noticed a two-headed ogre
  1741 | D        | Received a gift from Trog
  1741 | D        | Noticed an ogre mage
  1742 | D        | Noticed a death yak
  1749 | D        | Killed a death yak
  1752 | D        | Killed a two-headed ogre
  1753 | D        | Reached skill level 15 in Fighting
  1757 | D        | Received a gift from Trog
  1757 | D        | Noticed a two-headed ogre
  1758 | D        | Reached XP level 12. HP: 141/141 MP: 11/11
  1761 | D        | Killed a two-headed ogre
  1762 | D        | Reached skill level 15 in Dodging
  1763 | D        | Noticed a two-headed ogre
  1765 | D        | Killed a two-headed ogre
  1769 | D        | Killed a two-headed ogre
  1771 | D        | Noticed a two-headed ogre
  1779 | D        | Killed a two-headed ogre
  1780 | D        | Reached skill level 18 in Unarmed Combat
  1791 | D        | Killed an ogre mage
  1791 | D        | Received a gift from Trog
  1826 | D        | Noticed a great orb of eyes
  1827 | D        | Noticed a demonic crawler
  1829 | D        | Noticed an eidolon
  1830 | D        | Noticed Sonja
  1842 | D        | Killed a great orb of eyes
  1847 | D        | Identified the +9 hand axe "Sotes" {heavy, rF+ rC+ rCorr}
                  | (Trog gifted it to you in the Dungeon)
  1847 | D        | Received a gift from Trog
  1849 | D        | Killed an eidolon
  1851 | D        | Killed a demonic crawler
  1857 | D        | Received a gift from Trog
  1874 | D        | Received a gift from Trog
  1882 | D        | HP: 3/144 [poisoned by Sonja]
  1882 | D        | Killed from afar by a smoke demon

Illustrated notes

Levels and vault maps discovered:
D:        pitsprint [storerooms_1, entrance_room_1, metal_vault_4, armoury_1,
          mini_pit_1, grid_room_1, main_hall_1, silver_pit, the_coven_3,
          the_vestibule_1, steel_vault_4, golden_pit, hallway_of_sentries,
          crystal_vault_3, iron_vault_4, final_vault]

Skill      XL: |  1  2  3  4  5  6  7  8  9 10 11 12 |
---------------+-------------------------------------+-----
Fighting       | 3 4 6 8 9 10 11 13 15 16 | 16.0
Dodging        | 3 4 6 8 9 10 11 13 14 15 | 15.9
Unarmed Combat | 4 5 7 10 11 12 13 15 17 18 | 18.6
Armour         | 5 8 |  8.3

Action                     |  1- 3 |  4- 6 |  7- 9 | 10-12 || total
---------------------------+-------+-------+-------+-------++-------
  Melee: Unarmed           |    11 |    18 |    48 |   189 ||   266
         Punch             |       |       |     2 |    14 ||    16
 Invoke: Berserk           |     1 |     1 |     2 |     4 ||     8
         Brothers in Arms  |       |       |     2 |     3 ||     5
    Use: Potion            |       |       |     1 |       ||     1
 Armour: Animal skin       |    12 |     4 |    37 |    52 ||   105
         Troll leather arm |       |       |       |    72 ||    72
         Skin              |       |       |       |     8 ||     8
  Dodge: Dodged            |     9 |    17 |    13 |   146 ||   185

Table legend: (Time is in decaauts)
 A = Elapsed time spent in this place.
 B = Non-inter-level travel time spent in this place.
 C = Inter-level travel time spent in this place.
 D = Time resting spent in this place.
 E = Time spent auto-exploring this place.
 F = Levels seen in this place.
 G = Mean time per level.
                   A        B        C        D        E       F      G
               +--------+--------+--------+--------+--------+-----+--------+
         Total |   1876 |   1811 |     65 |    644 |    194 |   1 | 1876.0 |
       Dungeon |   1876 |   1811 |     65 |    644 |    194 |   1 | 1876.0 |
               +--------+--------+--------+--------+--------+-----+--------+

Top non-repeatable levels by time:
       D: 1876 daAuts
